 Dungeon Crawl Stone Soup version 0.19-a0-1908-g43c011f (webtiles) character file.

21 Kaname the Magician (level 2, -1/17 HPs)
             Began as a High Elf Wanderer on Oct 22, 2016.
             Slain by a leopard gecko (3 damage)
             ... on level 2 of the Dungeon.
             The game lasted 00:04:31 (1549 turns).

Kaname the Magician (High Elf Wanderer)             Turns: 1549, Time: 00:04:32

Health: -1/17      AC:  2    Str: 14    XL:     2   Next: 65%
Magic:  8/8        EV: 11    Int: 14    God:
Gold:   31         SH:  0    Dex: 12    Spells: 1 memorised, 7 levels left

rFire  . . .     SeeInvis .     e - +0 club
rCold  . . .     Gourm    .     d - +0 robe
rNeg   . . .     Faith    .     (no shield)
rPois  .         Spirit   .     (no helmet)
rElec  .         Reflect  .     (no cloak)
rCorr  .         Harm     .     (no gloves)
MR     .....                    (no boots)
Stlth  ++........               (no amulet)
                                (no ring)
                                (no ring)

@: no status effects
A: no striking features
a: no special abilities


You were on level 2 of the Dungeon.
You were not hungry.

You visited 1 branch of the dungeon, and saw 2 of its levels.

You collected 31 gold pieces.

Inventory:

Hand Weapons
 e - a +0 club (weapon)
Armour
 d - a +0 robe (worn)
Scrolls
 c - a scroll of teleportation
 i - a scroll of noise {unknown}
 k - 2 scrolls of remove curse {unknown}
 m - 2 scrolls of blinking {unknown}
 n - a scroll of immolation {unknown}
Potions
 g - a potion of cancellation {unknown}
 h - a potion of flight {unknown}
 j - a potion of magic {unknown}
Books
 a - a book of Maledictions

   Spells                             Type                      Level
   a - Corona                         Hexes                        1
   b - Ensorcelled Hibernation        Hexes/Ice                    2
   c - Confuse                        Hexes                        3
   d - Tukima's Dance                 Hexes                        3
   e - Dazzling Spray                 Conjuration/Hexes            3
 b - the Reference Book on Air

   Spells                             Type                      Level
   a - Shock                          Conjuration/Air              1
   b - Static Discharge               Conjuration/Air              3
Comestibles
 f - a bread ration
 l - a slice of pizza
 o - a chunk of flesh
 p - a beef jerky


   Skills:
 + Level 1.7 Stealth
   Level 1.0 Shields
 - Level 4.0 Spellcasting
 + Level 2.3 Hexes
   Level 2.1 Transmutations
   Level 1.2 Air Magic
   Level 1.0 Evocations


You had 7 spell levels left.
You knew the following spells:

 Your Spells              Type           Power        Failure   Level  Hunger
a - Ensorcelled Hibernat  Hex/Ice        #.....       21%         2    ##.....


Dungeon Overview and Level Annotations

Branches:
Dungeon (2/15)

Altars:


Message History

You barely miss the leopard gecko. The leopard gecko barely misses you.
You miss the leopard gecko. The leopard gecko barely misses you.
The leopard gecko bites you.
You hit the leopard gecko.
The leopard gecko is almost dead.
The leopard gecko bites you.
* * * LOW HITPOINT WARNING * * *
The leopard gecko barely misses you.
Casting: Ensorcelled Hibernation
Confirm with . or Enter, or press ? or * to list all spells.
Okay, then.
You miss the leopard gecko.
The leopard gecko is almost dead.
The leopard gecko bites you.
* * * LOW HITPOINT WARNING * * *
Okay, then.
You barely miss the leopard gecko.
The leopard gecko is almost dead.
The leopard gecko bites you.
You die...

#.# #####..#.. #.
#.# #.....###. #.
#.####.#..## ##
#.###.##...#.>.###.
........#####..#..
..##.##...#.).....
#.##.####.#.#.###.
#l##..........# #.
#@#######.#######.
#.# ####.# ####..
#.# #....# #.....
#.####.######.....
#..........##.#...
######.###.##.##..
#.# # #.. #.# #.#
#.# #.#


You could see a leopard gecko.

Vanquished Creatures
  An ooze (D:1)
  5 goblins
  2 hobgoblins (D:1)
  2 bats
  3 frilled lizards
  2 kobolds (D:1)
  A rat (D:2)
16 creatures vanquished.

Notes
Turn   | Place    | Note
-------+----------+-------------------------------------------
     0 | D:1      | Kaname the High Elf Wanderer began the quest for the Orb.
     0 | D:1      | Kaname set off with: a book of Maledictions, the Reference Book on Air, a scroll of teleportation, a +0 robe, a +0 club, a bread ration
     0 | D:1      | Reached XP level 1. HP: 11/11 MP: 6/6
     0 | D:1      | Identified the Reference Book on Air
    15 | D:1      | Reached skill level 1 in Stealth
   403 | D:1      | Reached XP level 2. HP: 11/17 MP: 7/7
   520 | D:1      | Learned a level 2 spell: Ensorcelled Hibernation
   595 | D:1      | Reached skill level 4 in Spellcasting
  1549 | D:2      | Slain by a leopard gecko

Vault maps used:
D:1:      dpeg_chamrin_arrival_tetris
D:2:      nicolae_dithmenos_through_a_glass_darkly, uniq_robin

Skill      XL: |  1  2 |
---------------+-------+-----
Stealth        | 1 |  1.7
Spellcasting   | 4 |  4.0
Shields        | |  1.0
Hexes          | |  2.3
Transmutations | |  2.1
Air Magic      | |  1.2
Evocations     | |  1.0

Action                   || total
-------------------------++-------
Melee: Club              ||    68
 Cast: Ensorcelled Hiber ||     1
 Stab: Sleeping          ||     3
  Eat: Chunk             ||     2
Armor: Robe              ||    16
Dodge: Dodged            ||    33
